 Dungeon Sprint DCSS version 0.23-a0-539-g3f6f39f (webtiles) character file.

1198 JosiahThimblerig the Cleaver (level 8, -7/82 HPs)
             Began as a Hill Orc Fighter on Dec 8, 2018.
             Was a Follower of Vehumet.
             Mangled by a demonic crawler (9 damage)
             ... in the Dungeon (Sprint I: "Red Sonja").
             The game lasted 00:05:47 (1047 turns).

JosiahThimblerig the Cleaver (Hill Orc Fighter)     Turns: 1047, Time: 00:05:49

Health: -7/82      AC:  7    Str: 19    XL:     8   Next: 44%
Magic:  8/8        EV: 12    Int:  9    God:    Vehumet [*.....]
Gold:   312        SH: 12    Dex: 11    Spells: 6/7 levels left

rFire    . . .     SeeInvis .   a - +0 war axe
rCold    + . .     Gourm    .   c - +0 shield
rNeg     . . .     Faith    .   m - +3 leather armour {rC+}
rPois    .         Spirit   .   (no helmet)
rElec    .         Reflect  .   (no cloak)
rCorr    .         Harm     .   (no gloves)
MR       .....     NoTele   +   (no boots)
Stlth    +.........             (no amulet)
HPRegen  0.23/turn              (no ring)
MPRegen  0.11/turn              (no ring)

@: hasted, very quick
A: no striking features
a: Renounce Religion


You were in the Dungeon.
You worshipped Vehumet.
Vehumet was aware of your devotion.
You were hungry.

You visited 1 branch You collected 432 gold pieces.
You spent 120 gold pieces at shops.

Inventory:

Hand Weapons
 a - a +0 war axe (weapon)
 g - a +3 scythe
 o - a +0 giant club
Missiles
 n - 18 sling bullets
Armour
 b - a +0 scale mail
 c - a +0 shield (worn)
 m - a +3 leather armour of cold resistance (worn)
Wands
 l - a wand of random effects (23)
Scrolls
 k - a scroll of blinking
Potions
 d - a potion of might
 e - a potion of curing
 i - 2 potions of magic
Comestibles
 f - 3 rations


   Skills:
 + Level 11.4 Fighting
 + Level 12.5 Axes
 + Level 8.4 Armour
 + Level 3.4 Dodging
 + Level 1.2 Stealth
 + Level 10.3 Shields


You had 6 spell levels left.
You knew the following spells:

 Your Spells              Type           Power        Failure   Level  Hunger
a - Sting                 Conj/Pois      #...         65%         1    ##.....
Your spell library was empty.

Dungeon Overview and Level Annotations

Branches:
Dungeon (1/1)

Altars:
Cheibriados
Dithmenos
Elyvilon
Fedhas
Gozag
Hepliaklqana
Kikubaaqudgha
Makhleb
Nemelex Xobeh
Okawaru
Qazlal
Ru
Sif Muna
Trog
Uskayaw
Vehumet
Wu Jian
Xom
Yredelemnul
Zin
The Shining One
Jiyva
Lugonu

Shops:
D %


Message History

The demonic crawler is moderately wounded.
You barely miss the demonic crawler.
You hit the demonic crawler but do no damage.
The demonic crawler barely misses you. You block the demonic crawler's attack.
The demonic crawler hits you. The demonic crawler barely misses you.
The demonic crawler closely misses you. The demonic crawler hits you!
You completely miss the demonic crawler.
You hit the demonic crawler but do no damage.
The demonic crawler hits you but does no damage.
You block the demonic crawler's attack. x2; The demonic crawler hits you.
* * * LOW HITPOINT WARNING * * *
You block the demonic crawler's attack. The demonic crawler hits you!
* * * LOW HITPOINT WARNING * * *
You feel yourself speed up. The demonic crawler hits you.
* * * LOW HITPOINT WARNING * * *
The demonic crawler hits you but does no damage. x2
The demonic crawler closely misses you. The demonic crawler hits you.
* * * LOW HITPOINT WARNING * * *
You block the demonic crawler's attack. The demonic crawler hits you!
You die...

#########################
<.#..'..#.['..#__#s)'...#
..'..#..'..#..'.sss[#†..##+#
..#####'#####'#_@####...'..#
..####..#...#.#### #####..+
..#__####..##.# ##
..#_____##'#_.+
⌠⌠#_.∩...'..._#
###_..__##_.#'#
#_____###+#.# ####### ###


You could see 4 demonic crawlers.

Vanquished Creatures
  2 kobold demonologists (D)
  A slime creature (D)
  A yak (D)
  Sigmund (D)
  A floating eye (D)
  An ogre (D)
  A jelly (D)
  Ijyb (D)
9 creatures vanquished.

Notes
Turn   | Place    | Note
-------+----------+-------------------------------------------
     0 | D        | JosiahThimblerig the Hill Orc Fighter began the quest for
                  | the Orb.
     0 | D        | Reached XP level 1. HP: 19/19 MP: 1/1
     2 | D        | Noticed Ijyb
    12 | D        | Killed Ijyb
    12 | D        | Reached skill level 5 in Fighting
    12 | D        | Reached skill level 3 in Axes
    12 | D        | Reached XP level 2. HP: 25/29 MP: 2/2
    12 | D        | Reached XP level 3. HP: 32/36 MP: 3/3
    31 | D        | Noticed an ogre
    42 | D        | Killed an ogre
    42 | D        | Reached skill level 5 in Axes
    42 | D        | Reached skill level 5 in Armour
    42 | D        | Reached XP level 4. HP: 20/45 MP: 4/4
   209 | D        | Noticed Sigmund
   224 | D        | Killed Sigmund
   224 | D        | Reached skill level 6 in Axes
   224 | D        | Reached skill level 1 in Dodging
   224 | D        | Reached XP level 5. HP: 6/56 MP: 5/5
   224 | D        | Reached XP level 6. HP: 7/62 MP: 6/6
   511 | D        | Found a deep blue altar of Sif Muna.
   512 | D        | Found an ornate altar of the Wu Jian Council.
   513 | D        | Found a radiant altar of Vehumet.
   634 | D        | Found Ineutako's Food Emporium.
   634 | D        | Found an ancient bone altar of Kikubaaqudgha.
   634 | D        | Found a hazy altar of Hepliaklqana.
   634 | D        | Found a stormy altar of Qazlal.
   634 | D        | Found a hide-covered altar of Uskayaw.
   634 | D        | Found a blossoming altar of Fedhas.
   634 | D        | Found a bloodstained altar of Trog.
   634 | D        | Found an iron altar of Okawaru.
   634 | D        | Found a basalt altar of Yredelemnul.
   634 | D        | Found a glowing golden altar of the Shining One.
   634 | D        | Found a snail-covered altar of Cheibriados.
   634 | D        | Found a sacrificial altar of Ru.
   634 | D        | Found a glowing silver altar of Zin.
   634 | D        | Found a shadowy altar of Dithmenos.
   634 | D        | Found a white marble altar of Elyvilon.
   634 | D        | Noticed a yak
   644 | D        | Became a worshipper of Vehumet
   647 | D        | Killed a yak
   647 | D        | Reached skill level 8 in Axes
   648 | D        | Found an opulent altar of Gozag.
   649 | D        | Found a sparkling altar of Nemelex Xobeh.
   653 | D        | Bought a ration for 60 gold pieces
   653 | D        | Bought a ration for 60 gold pieces
   751 | D        | Found a viscous altar of Jiyva.
   751 | D        | Found a corrupted altar of Lugonu.
   751 | D        | Noticed a slime creature
   752 | D        | Found a burning altar of Makhleb.
   752 | D        | Found a shimmering altar of Xom.
   761 | D        | Killed a slime creature
   761 | D        | Reached skill level 10 in Fighting
   761 | D        | Reached skill level 9 in Axes
   761 | D        | Reached XP level 7. HP: 31/72 MP: 7/7
   956 | D        | Noticed a kobold demonologist
   956 | D        | Noticed a kobold demonologist
   960 | D        | Paralysed by a floating eye for 2 turns
   963 | D        | Reached * piety under Vehumet
   963 | D        | Offered knowledge of Sting by Vehumet.
   963 | D        | Reached skill level 10 in Axes
   964 | D        | Noticed a ynoxinul
   972 | D        | Killed a kobold demonologist
   972 | D        | Reached skill level 11 in Axes
   972 | D        | Reached skill level 1 in Stealth
   972 | D        | Reached skill level 10 in Shields
   972 | D        | Reached XP level 8. HP: 82/82 MP: 8/8
   978 | D        | Killed a kobold demonologist
   978 | D        | Reached skill level 12 in Axes
  1022 | D        | Learned a level 1 spell: Sting
  1030 | D        | Noticed a demonic crawler
  1030 | D        | Noticed a demonic crawler
  1030 | D        | Noticed a demonic crawler
  1030 | D        | Noticed a demonic crawler
  1047 | D        | HP: 2/82 [demonic crawler (6)]
  1047 | D        | Mangled by a demonic crawler

Vault maps used:
D:        dungeon_sprint_1

Skill      XL: |  1  2  3  4  5  6  7  8 |
---------------+-------------------------+-----
Fighting       | 5 6 8 10 11 | 11.4
Axes           | 3 5 6 9 11 12 | 12.5
Armour         | 4 5 7 8 |  8.4
Shields        | 4 6 8 9 10 | 10.3
Dodging        | 1 2 3 |  3.4
Stealth        | 1 |  1.2

Action                   |  1- 3 |  4- 6 |  7- 9 || total
-------------------------+-------+-------+-------++-------
Melee: War axe           |    21 |    31 |    26 ||    78
  Use: Potion            |       |     1 |     2 ||     3
Armor: Scale mail        |     4 |       |       ||     4
       Leather armour    |     1 |     1 |    13 ||    15
Dodge: Dodged            |     4 |     9 |    23 ||    36
Block: Shield            |    11 |    12 |    22 ||    45

Table legend:
 A = Non-vault XP
 B = Vault XP
 C = Vault XP percentage of total XP
 D = Non-vault monster count
 E = Vault monster count
 F = Vault count percentage of total count
                 A         B        C        D         E       F
            +---------+---------+-------+---------+---------+-------
      Total |       0 |    1712 | 100.0 |       0 |       9 | 100.0
            +---------+---------+-------+---------+---------+-------
          D |       0 |    1712 | 100.0 |       0 |       9 | 100.0
            +---------+---------+-------+---------+---------+-------
